 Dungeon Crawl Stone Soup version 0.19.1 (webtiles) character file.

87 empire the Grave Robber (level 4, -2/30 HPs)
             Began as a Mummy Necromancer on Dec 19, 2016.
             Killed from afar by an orc (8 damage)
             ... on level 3 of the Dungeon.
             The game lasted 00:06:34 (2062 turns).

empire the Grave Robber (Mummy Necromancer)         Turns: 2062, Time: 00:06:35

Health: -2/30      AC:  5    Str: 11    XL:     4   Next: 28%
Magic:  5/8        EV: 12    Int: 15    God:
Gold:   127        SH:  0    Dex: 12    Spells: 1 memorised, 8 levels left

rFire  x . .     SeeInvis .     a - +0 mace
rCold  + + .     Gourm    .     c - +0 robe
rNeg   + + +     Faith    .     (no shield)
rPois  ∞         Spirit   .     (no helmet)
rElec  .         Reflect  .     (no cloak)
rCorr  .         Harm     .     e - +2 pair of gloves
MR     .....                    (no boots)
Stlth  ++........               (no amulet)
                                (no ring)
                                h - ring of protection from cold

@: no status effects
A: no food or potions, fire vulnerability, cold resistance 1, negative energy
resistance 3, torment resistance, unbreathing
a: no special abilities


You were on level 3 of the Dungeon.
You were not hungry.

You visited 1 branch of the dungeon, and saw 3 of its levels.

You collected 127 gold pieces.

Inventory:

Hand Weapons
 a - a +0 mace (weapon)
Armour
 c - a +0 robe (worn)
 e - a +2 pair of gloves (worn)
Jewellery
 h - a ring of protection from cold (left hand)
Scrolls
 d - 2 scrolls of remove curse
 f - 2 scrolls of teleportation
Books
 b - a book of Necromancy

   Spells                             Type                      Level
   a - Pain                           Necromancy                   1
   b - Animate Skeleton               Necromancy                   1
   c - Vampiric Draining              Necromancy                   3
   d - Regeneration                   Charms/Necromancy            3
   e - Animate Dead                   Necromancy                   4
   f - Control Undead                 Necromancy                   4


   Skills:
 - Level 1.5 Dodging
 - Level 1.5 Stealth
 - Level 3.0 Spellcasting
 + Level 5.2 Necromancy


You had 8 spell levels left.
You knew the following spells:

 Your Spells              Type           Power        Failure   Level  Hunger
a - Pain                  Necr           ###.         2%          1    N/A

Dungeon Overview and Level Annotations

Branches:
Dungeon (3/15)

Altars:

Annotations:
D:3 Robin


Innate Abilities, Weirdness & Mutations

You do not eat or drink.
Your flesh is vulnerable to fire.
You are immune to poison.
Your flesh is cold resistant. (rC+)
You are immune to negative energy. (rN+++)
You are immune to unholy pain and torment.
You can survive without breathing.


Message History

Confirm with . or Enter, or press ? or * to list all spells.
Aiming: Pain
Press: ? - help, Shift-Dir - straight line, f - orc
Aim: an orc, wielding a trident (hasn't noticed you, chance to defeat MR: 87%)
The orc shouts!
The orc writhes in agony!
The orc throws an exploding tomahawk.
The exploding tomahawk barely misses you.
The exploding tomahawk explodes!
The explosion of tomahawk fragments engulfs you!
* * * LOW HITPOINT WARNING * * *
Casting: Pain
Confirm with . or Enter, or press ? or * to list all spells.
Aiming: Pain
Press: ? - help, Shift-Dir - straight line, f/p - orc
Aim: an orc, wielding a trident (moderately wounded, chance to defeat MR: 87%)
The orc writhes in agony!
The orc throws an exploding tomahawk.
The exploding tomahawk closely misses you.
The exploding tomahawk explodes!
The explosion of tomahawk fragments engulfs you!
You die...

###
#.##################
#...(..............<
#.##################
#.# #.# #.####
#....#### #....
#..@....# #....
#.......# #...o
#.......##### ##.oo.
#............ ...o!
#####......... ...
#.....#o.......####.
#....>..............
#.......[......#####
#..............%....


You could see an orc.

Vanquished Creatures
  4 adders
  2 dart slugs (D:2)
  A leopard gecko (D:3)
  An orc (D:3)
  A giant cockroach (D:1)
  4 hobgoblins
  2 jackals (D:2)
  A quokka (D:3)
  10 bats
  3 frilled lizards
  6 goblins
  4 kobolds
  5 rats
44 creatures vanquished.

Notes
Turn   | Place    | Note
-------+----------+-------------------------------------------
     0 | D:1      | empire the Mummy Necromancer began the quest for the Orb.
     0 | D:1      | Reached XP level 1. HP: 13/13 MP: 3/3
   381 | D:1      | Reached XP level 2. HP: 19/19 MP: 1/5
   983 | D:2      | Reached XP level 3. HP: 24/24 MP: 2/7
  1745 | D:3      | Reached XP level 4. HP: 30/30 MP: 0/8
  1747 | D:3      | Reached skill level 5 in Necromancy
  1750 | D:3      | Noticed Robin
  2062 | D:3      | Killed from afar by an orc

Skill      XL: |  1  2  3  4 |
---------------+-------------+-----
Spellcasting   | 3 |  3.0
Necromancy     | 5 |  5.2
Dodging        | |  1.5
Stealth        | |  1.5

Action                   |  1- 3 |  4- 6 || total
-------------------------+-------+-------++-------
Melee: Mace              |    46 |     7 ||    53
 Cast: Pain              |    77 |    20 ||    97
  Use: Scroll            |       |     2 ||     2
Armor: Robe              |    22 |     2 ||    24
Dodge: Dodged            |    66 |    18 ||    84
